Devils vs Ducks

Created - Wednesday, January 21, 2015 at 00:17

Goals
1 2 3 OT1 T
Devils 2 0 2 0 4
Ducks 2 0 2 1 5
Shots
1 2 3 OT1 T
Devils 16 11 14 0 41
Ducks 9 5 12 1 27

1st period

1. Devils , Ryan Jones 2 (John Carlson, Jay Beagle) at 8:55
2. Devils , Brent Seabrook 11 (Ville Leino, Drew Stafford) at 12:29 (PP)
3. Ducks , James Neal 30 (Mike Richards, Martin St. Louis) at 14:30 (PP)
4. Ducks , Tyler Bozak 22 (Patrick Kane) at 16:21 (PP)

Penalties :
James Sheppard (Ana) for Hooking (Minor) at 3:55, Sean Bergenheim (Ana) for Interference (Minor) at 9:08, Jonathan Huberdeau (Ana) for Hooking (Minor) at 12:11, Adam Burish (NJD) for High sticking (Minor) at 14:07, Mark Stuart (NJD) for Hooking (Minor) at 15:18

2nd period

No Goal

Penalties :
Mike Richards (Ana) for Charging (Minor) at 2:59, Sean Bergenheim (Ana) for Cross-checking (Minor) at 3:24, Alex Grant (Ana) for Hooking (Minor) at 17:56

3rd period

5. Ducks , Matthew Carle 8 (Brett Bellemore, Martin St. Louis) at 2:00 (PP)
6. Devils , Brent Seabrook 12 (Jay Beagle, Ryan Jones) at 5:59
7. Devils , Jamie McGinn 9 (Ville Leino) at 15:12 (PP)
8. Ducks , Tyler Bozak 23 (Patrick Kane, Matthew Carle) at 17:24

Penalties :
Grant Clitsome (NJD) for Hooking (Minor) at 1:34, Mark Stuart (NJD) for High sticking (Minor) at 3:06, Michal Rozsival (Ana) for Holding (Minor) at 15:09

Overtime #1

9. Ducks , Martin St. Louis 31 (Mike Richards, Brett Bellemore) at 0:14

Penalties :
No Penalty

Goalie Stats

Jimmy Howard (NJD), 22 saves from 27 shots - (0.815), OTL, 13-17-6, 60:14 minutes
Martin Brodeur (Ana), 37 saves from 41 shots - (0.902), W, 15-12-3, 60:14 minutes

Players Stats for Devils

Player Name              G  A  P  +/- PIM S  H  SB GA TA FO     MP     PP MP  PK MP  
------------------------------------------------------------------------------------
Adam Burish              0  0  0  -1  2   0  2  2  0  1  0/0    10:28   0:00   0:00 
Alex Tanguay             0  0  0   0  0   1  0  0  1  0  1/2    17:55   3:20   0:00 
Brent Seabrook           2  0  2   1  0   7  0  1  0  2  0/0    27:38   5:24   3:51 
Chris Mueller            0  0  0   0  0   1  2  0  0  0  5/10   13:50   0:00   0:00 
Drew Stafford            0  1  1  -1  0   4  0  0  2  0  3/8    22:34   5:21   3:51 
Grant Clitsome           0  0  0  -1  2   3  1  0  0  2  0/0    18:52   3:17   0:00 
Jamie McGinn             1  0  1   0  0   1  1  0  3  0  2/3    18:27   5:21   0:00 
Jason Akeson             0  0  0   2  0   0  0  0  0  0  0/1     9:15   0:00   0:00 
Jay Beagle               0  2  2   2  0   2  0  0  1  0  3/3     9:15   0:00   0:00 
John Carlson             0  1  1   2  0   3  3  2  1  2  0/0    15:07   0:00   0:00 
Kris Versteeg            0  0  0   0  0   1  1  0  8  1  0/0    17:55   3:20   0:00 
Mark Stuart              0  0  0  -1  4   1  1  2  0  4  0/0    23:09   5:24   0:49 
Martin Erat              0  0  0  -1  0   2  2  0  1  0  3/8    10:29   0:00   0:00 
Matt Irwin               0  0  0  -1  0   4  0  1  0  1  0/0    14:56   0:00   0:00 
Ryan Jones               1  1  2   2  0   2  1  0  4  0  0/0     9:15   0:00   0:00 
Tim Gleason              0  0  0   0  0   4  1  0  1  0  0/0    20:43   3:17   3:02 
Tyler Johnson            0  0  0   0  0   3  2  1  3  0  9/15   17:10   3:20   0:00 
Ville Leino              0  2  2  -2  0   2  0  1  5  0  2/7    19:57   5:21   3:51 

Players Stats for Ducks

Player Name              G  A  P  +/- PIM S  H  SB GA TA FO     MP     PP MP  PK MP  
------------------------------------------------------------------------------------
Alex Grant               0  0  0   1  2   0  0  0  0  0  0/0     2:34   0:00   0:03 
Anton Stralman           0  0  0  -1  0   1  0  2  0  2  0/0    22:03   1:09   2:16 
Brett Bellemore          0  2  2   0  0   1  1  2  0  3  0/0    19:04   1:46   0:00 
Cory Sarich              0  0  0  -1  0   0  1  3  0  2  0/0    22:25   1:09   2:16 
Dennis Wideman           0  0  0   0  0   0  2  0  0  3  0/0    11:29   0:56   4:49 
James Neal               1  0  1   0  0   3  0  0  2  0  2/2    16:50   2:48   1:45 
James Sheppard           0  0  0  -1  2   0  0  0  0  1  0/0    14:16   0:00   1:31 
Jonathan Huberdeau       0  0  0  -1  2   1  0  0  3  0  1/8    12:23   0:00   0:00 
Martin St. Louis         1  2  3   1  0   3  0  1  5  0  5/12   25:43   2:48   5:22 
Matt Frattin             0  0  0   0  0   2  1  0  0  0  0/0     4:59   0:00   0:00 
Matthew Carle            1  1  2   2  0   6  0  2  1  0  0/0    27:02   2:42   6:25 
Michal Rozsival          0  0  0  -1  2   0  1  4  0  0  0/0    15:51   0:00   1:33 
Mike Richards            0  2  2   1  2   3  0  2  1  1  12/18  21:11   2:48   4:21 
Patrick Kane             0  2  2   0  0   2  2  0  4  0  0/0    17:48   1:03   0:00 
Sean Bergenheim          0  0  0   0  4   0  3  0  1  1  1/1    20:02   1:03   0:40 
TJ Galiardi              0  0  0  -1  0   0  0  0  0  0  0/1    12:48   0:00   0:24 
Tom Pyatt                0  0  0   0  0   1  0  0  0  0  3/4     4:29   0:00   0:00 
Tyler Bozak              2  0  2   0  0   4  1  0  0  1  5/11   19:33   1:03   1:45 

3 Stars

1 - Martin St. Louis (Ana)
2 - Brent Seabrook (NJD)
3 - Tyler Bozak (Ana)

Power Play

Devils - 2 on 7 Attempt(s) - 28.57%
Ducks - 3 on 5 Attempt(s) - 60.00%

Penalty Kill

Devils - 2 on 5 Attempt(s) - 40.00% - Score 0 goal in Penalty Kill
Ducks - 5 on 7 Attempt(s) - 71.43% - Score 0 goal in Penalty Kill

Team Stat

Devils - Hits : 17 - Faceoff Wins : 28 - Blocked Shots : 10 - Penalty Minutes : 8
Ducks - Hits : 12 - Faceoff Wins : 29 - Blocked Shots : 16 - Penalty Minutes : 14

Official

Referees : Unknown
Linesman : Unknown

Game Notes

Dennis Wideman is injured at 4:20 of 2nd period (Sports Hernia)
2:55 of 3rd period - Penalty Shot by John Carlson for Devils - Stopped by Martin Brodeur

Finance

Level 1 -- Attendance: 4086 (68.10%) -- Ticket Income $388,170
Level 2 -- Attendance: 4846 (96.92%) -- Ticket Income $242,300
Level 3 -- Attendance: 1757 (87.85%) -- Ticket Income $52,710
Level 4 -- Attendance: 3576 (89.40%) -- Ticket Income $64,368
Luxury Box -- Attendance: 782 (78.20%) -- Ticket Income $144,670
Game was played at the Honda Center'
Total Attendance: 15047 (83.59%)
Total Ticket Income: $892,218
Other Income: $437,187
Total Income: $1,329,405

Devils

5 vs 5 Forward 
   Center                   Left Wing                Right Wing               Time % Phy DF OF 
 1 Tyler Johnson            Drew Stafford            Jamie McGinn             35     1   2  2  
 2 Chris Mueller            Alex Tanguay             Kris Versteeg            30     1   2  2  
 3 Martin Erat              Adam Burish              Ville Leino              22     1   2  2  
 4 Jay Beagle               Ryan Jones               Jason Akeson             13     1   2  2  

5 vs 5 Defense 
   Defense                  Defense                                           Time % Phy DF OF 
 1 Brent Seabrook           John Carlson                                      35     1   2  2  
 2 Tim Gleason              Mark Stuart                                       30     1   2  2  
 3 Matt Irwin               Grant Clitsome                                    22     1   2  2  
 4 Brent Seabrook           Mark Stuart                                       13     1   2  2  

PowerPlay Forward 
   Center                   Left Wing                Right Wing               Time % Phy DF OF 
 1 Ville Leino              Drew Stafford            Jamie McGinn             60     1   2  2  
 2 Tyler Johnson            Alex Tanguay             Kris Versteeg            40     1   2  2  

PowerPlay Defense
   Defense                  Defense                                           Time % Phy DF OF 
 1 Brent Seabrook           Mark Stuart                                       60     1   2  2  
 2 Tim Gleason              Grant Clitsome                                    40     1   2  2  

Penalty Kill 4 Players Forward 
   Center                   Wing                     Time % Phy DF OF 
 1 Drew Stafford            Ville Leino              60     1   2  2  
 2 Tyler Johnson            Jamie McGinn             40     1   2  2  

Penalty Kill 4 Players Defense
   Defense                  Defense                  Time % Phy DF OF 
 1 Brent Seabrook           Mark Stuart              60     1   2  2  
 2 Tim Gleason              Grant Clitsome           40     1   2  2  

Penalty Kill - 3 Players Forward 
   Forward                                           Time % Phy DF OF 
 1 Drew Stafford                                     60     1   2  2  
 2 Chris Mueller                                     40     1   2  2  

Penalty Kill - 3 Players Defense
   Defense                  Defense                  Time % Phy DF OF 
 1 Brent Seabrook           Mark Stuart              60     1   2  2  
 2 Tim Gleason              Grant Clitsome           40     1   2  2  

4 vs 4 Forward 
   Center                   Wing                     Time % Phy DF OF 
 1 Drew Stafford            Ville Leino              60     1   2  2  
 2 Tyler Johnson            Jamie McGinn             40     1   2  2  

4 vs 4 Defense
   Defense                  Defense                  Time % Phy DF OF 
 1 Brent Seabrook           Mark Stuart              60     1   2  2  
 2 Tim Gleason              Grant Clitsome           40     1   2  2  

Last Minutes Offensive
   Center                   Left Wing                Right Wing               Defense                  Defense                  
   Tyler Johnson            Drew Stafford            Jamie McGinn             Brent Seabrook           Mark Stuart              

Last Minutes Defensive
   Center                   Left Wing                Right Wing               Defense                  Defense                  
   Chris Mueller            Drew Stafford            Jamie McGinn             Brent Seabrook           Mark Stuart              

Goaltenders
Starting : Jimmy Howard             
Backup : Thomas Greiss            

Extra Forwards
Normal : Martin Erat, Jay Beagle, Adam Burish - PP : Martin Erat, Jay Beagle - PK : Adam Burish
Extra Defensemen
Normal : Matt Irwin, Brent Seabrook, Tim Gleason - PP : Matt Irwin - PK : Tim Gleason, Grant Clitsome
Penalty Shots
Drew Stafford, Chris Mueller, Tyler Johnson, Jamie McGinn, Alex Tanguay

Ducks

5 vs 5 Forward 
   Center                   Left Wing                Right Wing               Time % Phy DF OF 
 1 Mike Richards            Martin St. Louis         James Neal               35     1   2  2  
 2 Tyler Bozak              Sean Bergenheim          Patrick Kane             35     1   2  2  
 3 Jonathan Huberdeau       TJ Galiardi              James Sheppard           25     1   2  2  
 4 Tom Pyatt                Matt Frattin             Martin St. Louis         5      1   2  2  

5 vs 5 Defense 
   Defense                  Defense                                           Time % Phy DF OF 
 1 Matthew Carle            Dennis Wideman                                    35     1   2  2  
 2 Cory Sarich              Anton Stralman                                    35     1   2  2  
 3 Brett Bellemore          Michal Rozsival                                   25     1   2  2  
 4 Alex Grant               Matthew Carle                                     5      1   2  2  

PowerPlay Forward 
   Center                   Left Wing                Right Wing               Time % Phy DF OF 
 1 Mike Richards            Martin St. Louis         James Neal               60     1   2  2  
 2 Tyler Bozak              Sean Bergenheim          Patrick Kane             40     1   2  2  

PowerPlay Defense
   Defense                  Defense                                           Time % Phy DF OF 
 1 Matthew Carle            Dennis Wideman                                    60     1   2  2  
 2 Cory Sarich              Anton Stralman                                    40     1   2  2  

Penalty Kill 4 Players Forward 
   Center                   Wing                     Time % Phy DF OF 
 1 Martin St. Louis         Mike Richards            60     1   2  2  
 2 James Neal               Tyler Bozak              40     1   2  2  

Penalty Kill 4 Players Defense
   Defense                  Defense                  Time % Phy DF OF 
 1 Matthew Carle            Dennis Wideman           60     1   2  2  
 2 Cory Sarich              Anton Stralman           40     1   2  2  

Penalty Kill - 3 Players Forward 
   Forward                                           Time % Phy DF OF 
 1 Martin St. Louis                                  60     1   2  2  
 2 Mike Richards                                     40     1   2  2  

Penalty Kill - 3 Players Defense
   Defense                  Defense                  Time % Phy DF OF 
 1 Matthew Carle            Dennis Wideman           60     1   2  2  
 2 Cory Sarich              Anton Stralman           40     1   2  2  

4 vs 4 Forward 
   Center                   Wing                     Time % Phy DF OF 
 1 Martin St. Louis         Mike Richards            60     1   2  2  
 2 James Neal               Tyler Bozak              40     1   2  2  

4 vs 4 Defense
   Defense                  Defense                  Time % Phy DF OF 
 1 Matthew Carle            Dennis Wideman           60     1   2  2  
 2 Cory Sarich              Anton Stralman           40     1   2  2  

Last Minutes Offensive
   Center                   Left Wing                Right Wing               Defense                  Defense                  
   Mike Richards            Martin St. Louis         James Neal               Matthew Carle            Dennis Wideman           

Last Minutes Defensive
   Center                   Left Wing                Right Wing               Defense                  Defense                  
   Mike Richards            Martin St. Louis         James Neal               Matthew Carle            Dennis Wideman           

Goaltenders
Starting : Martin Brodeur           
Backup : Jonathan Bernier         

Extra Forwards
Normal : Jonathan Huberdeau, TJ Galiardi, James Sheppard - PP : Jonathan Huberdeau, TJ Galiardi - PK : James Sheppard
Extra Defensemen
Normal : Brett Bellemore, Michal Rozsival, Alex Grant - PP : Brett Bellemore - PK : Michal Rozsival, Alex Grant
Penalty Shots
Martin St. Louis, Mike Richards, James Neal, Tyler Bozak, Patrick Kane

% Time on Ice - Devils

Lines # - Real PCT - Wanted PCT - Time Play
Normal Forward
1 - 28% - 35% - 13:08
2 - 31% - 30% - 14:35
3 - 22% - 22% - 10:29
4 - 19% - 13% - 9:15
Normal Defense
1 - 32% - 35% - 15:21
2 - 30% - 30% - 14:22
3 - 31% - 22% - 14:56
4 - 6% - 13% - 2:48
PP Forward
1 - 61% - 60% - 5:21
2 - 39% - 40% - 3:21
PP Defense
1 - 62% - 60% - 5:25
2 - 38% - 40% - 3:17
PK Forward
1 - 100% - 60% - 3:51
2 - 0% - 40% - 0:00
PK Defense
1 - 100% - 60% - 3:51
2 - 0% - 40% - 0:00
PK3 Forward
1 - 0% - 60%
2 - 0% - 40%
PK3 Defense
1 - 0% - 60%
2 - 0% - 40%
44 Forward
1 - 100% - 60% - 0:14
2 - 0% - 40% - 0:00
44 Defense
1 - 100% - 60% - 0:14
2 - 0% - 40% - 0:00
Last Minute Offensive  - 0:00
Last Minute Defensive  - 0:00
Total
Forward - 60:14
Defense - 60:14

% Time on Ice - Ducks

Lines # - Real PCT - Wanted PCT - Time Play
Normal Forward
1 - 29% - 35% - 13:49
2 - 35% - 35% - 16:45
3 - 26% - 25% - 12:24
4 - 9% - 5% - 4:29
Normal Defense
1 - 38% - 35% - 17:52
2 - 39% - 35% - 18:38
3 - 23% - 25% - 10:46
4 - 0% - 5% - 0:11
PP Forward
1 - 73% - 60% - 2:48
2 - 27% - 40% - 1:03
PP Defense
1 - 70% - 60% - 2:42
2 - 30% - 40% - 1:09
PK Forward
1 - 75% - 60% - 5:23
2 - 25% - 40% - 1:45
PK Defense
1 - 68% - 60% - 4:52
2 - 32% - 40% - 2:16
PK3 Forward
1 - 100% - 60% - 1:34
2 - 0% - 40% - 0:00
PK3 Defense
1 - 100% - 60% - 1:34
2 - 0% - 40% - 0:00
44 Forward
1 - 100% - 60% - 0:14
2 - 0% - 40% - 0:00
44 Defense
1 - 100% - 60% - 0:14
2 - 0% - 40% - 0:00
Last Minute Offensive  - 0:00
Last Minute Defensive  - 0:00
Total
Forward - 60:14
Defense - 60:14

Play by Play

1st period


0:01 of 1st period - Mike Richards wins face-off versus Tyler Johnson in neutral zone.
0:10 of 1st period - Wrist shot by Martin St. Louis.
0:10 of 1st period - Shot Misses the Net.
0:14 of 1st period - Snap shot by James Neal.
0:14 of 1st period - Deflect By Martin St. Louis.
0:14 of 1st period - Shot Blocked by John Carlson.
0:14 of 1st period - Puck is out of play.
0:15 of 1st period - Mike Richards wins face-off versus Tyler Johnson in Devils zone.
0:18 of 1st period - Slapshot by James Neal.
0:18 of 1st period - Shot Blocked by Tyler Johnson.
0:20 of 1st period - Wrist shot by Mike Richards.
0:20 of 1st period - Stopped by Jimmy Howard with a rebound.
0:40 of 1st period - Slapshot by Martin St. Louis.
0:40 of 1st period - Shot Misses the Net.
0:42 of 1st period - Wrist shot by Martin St. Louis.
0:42 of 1st period - Stopped by Jimmy Howard with a rebound.
0:54 of 1st period - Matthew Carle is hit by Tyler Johnson and loses puck.
1:28 of 1st period - Snap shot by Alex Tanguay.
1:28 of 1st period - Stopped by Martin Brodeur without a rebound.
1:29 of 1st period - Martin Erat wins face-off versus Jonathan Huberdeau in Ducks zone.
1:50 of 1st period - Wrist shot by Ville Leino.
1:50 of 1st period - Deflect By Jonathan Huberdeau.
1:50 of 1st period - Stopped by Martin Brodeur with a rebound.
2:02 of 1st period - Wrist shot by TJ Galiardi.
2:02 of 1st period - Shot Blocked by Ville Leino.
3:15 of 1st period - Slapshot by Martin St. Louis.
3:15 of 1st period - Deflect By Tom Pyatt.
3:15 of 1st period - Stopped by Jimmy Howard without a rebound.
3:16 of 1st period - Mike Richards wins face-off versus Jamie McGinn in Devils zone.
3:27 of 1st period - Wrist shot by Jamie McGinn.
3:27 of 1st period - Shot Misses the Net.
3:29 of 1st period - Slapshot by Tyler Johnson.
3:29 of 1st period - Shot Misses the Net.
3:31 of 1st period - Slapshot by Grant Clitsome.
3:31 of 1st period - Stopped by Martin Brodeur with a rebound.
3:33 of 1st period - Snap shot by Matt Irwin.
3:33 of 1st period - Shot Blocked by Michal Rozsival.
3:35 of 1st period - Snap shot by Drew Stafford.
3:35 of 1st period - Stopped by Martin Brodeur with a rebound.
3:42 of 1st period - Slapshot by Matt Irwin.
3:42 of 1st period - Shot Blocked by Mike Richards.
3:44 of 1st period - Slapshot by Matt Irwin.
3:44 of 1st period - Deflect By Jamie McGinn.
3:44 of 1st period - Shot Misses the Net.
3:44 of 1st period - Puck is out of play.
3:45 of 1st period - Chris Mueller wins face-off versus Jonathan Huberdeau in Ducks zone.
3:55 of 1st period - Minor Penalty to James Sheppard for Hooking.
3:56 of 1st period - Ville Leino wins face-off versus Martin St. Louis in Ducks zone.
4:00 of 1st period - Snap shot by Jamie McGinn.
4:00 of 1st period - Shot Misses the Net.
4:24 of 1st period - Drew Stafford is hit by Dennis Wideman and loses puck.
4:56 of 1st period - Matthew Carle is hit by Tim Gleason and loses puck.
5:44 of 1st period - Matthew Carle is hit by Jamie McGinn and loses puck.
5:55 of 1st period - Penalty to James Sheppard is over, James Sheppard is back on ice.
6:47 of 1st period - Anton Stralman is hit by Ryan Jones and loses puck.
7:15 of 1st period - Slapshot by Brett Bellemore.
7:15 of 1st period - Shot Misses the Net.
7:17 of 1st period - Slapshot by Tyler Bozak.
7:17 of 1st period - Shot Misses the Net.
7:19 of 1st period - Snap shot by Tyler Bozak.
7:19 of 1st period - Stopped by Jimmy Howard with a rebound.
7:21 of 1st period - Slapshot by Brett Bellemore.
7:21 of 1st period - Stopped by Jimmy Howard without a rebound.
7:22 of 1st period - Tyler Bozak wins face-off versus Chris Mueller in Devils zone.
8:06 of 1st period - Matt Frattin is hit by Chris Mueller and loses puck.
8:31 of 1st period - Wrist shot by Tyler Johnson.
8:31 of 1st period - Stopped by Martin Brodeur with a rebound.
8:33 of 1st period - Snap shot by Tyler Johnson.
8:33 of 1st period - Shot Misses the Net.
8:35 of 1st period - Slapshot by John Carlson.
8:35 of 1st period - Shot Blocked by Anton Stralman.
8:37 of 1st period - Slapshot by Brent Seabrook.
8:37 of 1st period - Deflect By Martin St. Louis.
8:37 of 1st period - Stopped by Martin Brodeur with a rebound.
8:39 of 1st period - Slapshot by John Carlson.
8:39 of 1st period - Stopped by Martin Brodeur with a rebound.
8:41 of 1st period - Snap shot by Brent Seabrook.
8:41 of 1st period - Stopped by Martin Brodeur without a rebound.
8:42 of 1st period - Jay Beagle wins face-off versus Jonathan Huberdeau in Ducks zone.
8:55 of 1st period - Slapshot by Ryan Jones.
8:55 of 1st period - Deflect By Michal Rozsival.
8:55 of 1st period - Goal by Ryan Jones - Devils : 1 - Ducks : 0.
8:56 of 1st period - Martin Erat wins face-off versus Tyler Bozak in neutral zone.
9:08 of 1st period - Minor Penalty to Sean Bergenheim for Interference.
9:09 of 1st period - Martin St. Louis wins face-off versus Ville Leino in Ducks zone.
10:22 of 1st period - Slapshot by Tim Gleason.
10:22 of 1st period - Deflect By Matthew Carle.
10:22 of 1st period - Stopped by Martin Brodeur with a rebound.
10:24 of 1st period - Slapshot by Tim Gleason.
10:24 of 1st period - Stopped by Martin Brodeur with a rebound.
10:26 of 1st period - Slapshot by Tyler Johnson.
10:26 of 1st period - Shot Hit the Post.
11:08 of 1st period - Penalty to Sean Bergenheim is over, Sean Bergenheim is back on ice.
11:09 of 1st period - Martin St. Louis is hit by Grant Clitsome and loses puck.
11:36 of 1st period - Wrist shot by Ryan Jones.
11:36 of 1st period - Shot Blocked by Martin St. Louis.
11:38 of 1st period - Slapshot by John Carlson.
11:38 of 1st period - Stopped by Martin Brodeur with a rebound.
11:40 of 1st period - Slapshot by Brent Seabrook.
11:40 of 1st period - Stopped by Martin Brodeur with a rebound.
11:42 of 1st period - Slapshot by John Carlson.
11:42 of 1st period - Shot Misses the Net.
11:50 of 1st period - Slapshot by Ryan Jones.
11:50 of 1st period - Deflect By Jay Beagle.
11:50 of 1st period - Shot Misses the Net.
11:50 of 1st period - Puck is out of play.
11:51 of 1st period - Martin Erat wins face-off versus Jonathan Huberdeau in Ducks zone.
12:11 of 1st period - Minor Penalty to Jonathan Huberdeau for Hooking.
12:12 of 1st period - James Neal wins face-off versus Ville Leino in Ducks zone.
12:27 of 1st period - Wrist shot by Ville Leino.
12:27 of 1st period - Shot Blocked by Cory Sarich.
12:29 of 1st period - Slapshot by Brent Seabrook.
12:29 of 1st period - Goal by Brent Seabrook - Devils : 2 - Ducks : 0.
12:30 of 1st period - Tyler Johnson wins face-off versus Tyler Bozak in neutral zone.
12:37 of 1st period - Wrist shot by Patrick Kane.
12:37 of 1st period - Shot Misses the Net.
12:39 of 1st period - Wrist shot by Tyler Bozak.
12:39 of 1st period - Shot Misses the Net.
12:41 of 1st period - Snap shot by Dennis Wideman.
12:41 of 1st period - Shot Misses the Net.
13:23 of 1st period - Mark Stuart is hit by Dennis Wideman and loses puck.
14:07 of 1st period - Minor Penalty to Adam Burish for High sticking.
14:08 of 1st period - Mike Richards wins face-off versus Drew Stafford in Devils zone.
14:30 of 1st period - Wrist shot by James Neal.
14:30 of 1st period - Goal by James Neal - Devils : 2 - Ducks : 1.
14:31 of 1st period - Chris Mueller wins face-off versus Tyler Bozak in neutral zone.
14:49 of 1st period - Snap shot by Patrick Kane.
14:49 of 1st period - Shot Misses the Net.
14:57 of 1st period - Wrist shot by Tyler Bozak.
14:57 of 1st period - Shot Misses the Net.
15:09 of 1st period - Wrist shot by Kris Versteeg.
15:09 of 1st period - Stopped by Martin Brodeur with a rebound.
15:18 of 1st period - Minor Penalty to Mark Stuart for Hooking.
15:19 of 1st period - Mike Richards wins face-off versus Drew Stafford in Devils zone.
15:23 of 1st period - Snap shot by Martin St. Louis.
15:23 of 1st period - Deflect By James Neal.
15:23 of 1st period - Shot Misses the Net.
15:23 of 1st period - Puck is out of play.
15:24 of 1st period - Mike Richards wins face-off versus Drew Stafford in Devils zone.
16:21 of 1st period - Snap shot by Tyler Bozak.
16:21 of 1st period - Goal by Tyler Bozak - Devils : 2 - Ducks : 2.
16:22 of 1st period - Tyler Bozak wins face-off versus Chris Mueller in neutral zone.
16:43 of 1st period - Snap shot by Patrick Kane.
16:43 of 1st period - Stopped by Jimmy Howard with a rebound.
18:03 of 1st period - Snap shot by Jamie McGinn.
18:03 of 1st period - Shot Hit the Post.
18:05 of 1st period - Snap shot by Brent Seabrook.
18:05 of 1st period - Shot Misses the Net.
18:27 of 1st period - Drew Stafford is hit by Cory Sarich and loses puck.
19:03 of 1st period - Snap shot by Martin Erat.
19:03 of 1st period - Stopped by Martin Brodeur without a rebound.
19:04 of 1st period - Tom Pyatt wins face-off versus Chris Mueller in Ducks zone.
19:11 of 1st period - Wrist shot by Martin St. Louis.
19:11 of 1st period - Deflect By Matt Frattin.
19:11 of 1st period - Stopped by Jimmy Howard without a rebound.
19:12 of 1st period - Tom Pyatt wins face-off versus Alex Tanguay in Devils zone.
Goals for this period are 2 for Devils vs 2 for Ducks.
Shots for this period are 16 for Devils vs 9 for Ducks.

2nd period


0:01 of 2nd period - Mike Richards wins face-off versus Tyler Johnson in neutral zone.
0:22 of 2nd period - Wrist shot by James Neal.
0:22 of 2nd period - Shot Blocked by John Carlson.
0:54 of 2nd period - Dennis Wideman is hit by John Carlson and loses puck.
1:49 of 2nd period - Cory Sarich is hit by Kris Versteeg.
2:22 of 2nd period - Slapshot by Grant Clitsome.
2:22 of 2nd period - Stopped by Martin Brodeur with a rebound.
2:49 of 2nd period - Icing by Grant Clitsome.
2:50 of 2nd period - Jay Beagle wins face-off versus Mike Richards in Devils zone.
2:50 of 2nd period - Jay Beagle is hit by Michal Rozsival.
2:59 of 2nd period - Minor Penalty to Mike Richards for Charging.
3:00 of 2nd period - Martin St. Louis wins face-off versus Ville Leino in Ducks zone.
3:04 of 2nd period - Slapshot by Cory Sarich.
3:04 of 2nd period - Shot Blocked by Brent Seabrook.
3:20 of 2nd period - Snap shot by Jamie McGinn.
3:20 of 2nd period - Deflect By Ville Leino.
3:20 of 2nd period - Shot Blocked by Cory Sarich.
3:20 of 2nd period - Puck is out of play.
3:21 of 2nd period - Martin St. Louis wins face-off versus Tyler Johnson in Ducks zone.
3:21 of 2nd period - Martin St. Louis is hit by Mark Stuart.
3:24 of 2nd period - Minor Penalty to Sean Bergenheim for Cross-checking.
3:25 of 2nd period - Ville Leino wins face-off versus Martin St. Louis in Ducks zone.
3:52 of 2nd period - Wrist shot by Ville Leino.
3:52 of 2nd period - Shot Misses the Net.
4:19 of 2nd period - Dennis Wideman is hit by Tyler Johnson.
4:20 of 2nd period - Dennis Wideman from Ducks is injured at 4:20 of 2nd period (Sports Hernia).
4:21 of 2nd period - Martin St. Louis wins face-off versus Ville Leino in Ducks zone.
4:57 of 2nd period - Snap shot by Ville Leino.
4:57 of 2nd period - Shot Blocked by Michal Rozsival.
4:59 of 2nd period - Penalty to Mike Richards is over, Mike Richards is back on ice.
4:59 of 2nd period - Slapshot by Brent Seabrook.
4:59 of 2nd period - Stopped by Martin Brodeur without a rebound.
5:00 of 2nd period - Alex Tanguay wins face-off versus Martin St. Louis in Ducks zone.
5:24 of 2nd period - Penalty to Sean Bergenheim is over, Sean Bergenheim is back on ice.
6:02 of 2nd period - Wrist shot by TJ Galiardi.
6:02 of 2nd period - Deflect By Jonathan Huberdeau.
6:02 of 2nd period - Stopped by Jimmy Howard with a rebound.
6:10 of 2nd period - Slapshot by Brent Seabrook.
6:10 of 2nd period - Shot Hit the Post.
6:12 of 2nd period - Slapshot by Ryan Jones.
6:12 of 2nd period - Stopped by Martin Brodeur without a rebound.
6:13 of 2nd period - Sean Bergenheim wins face-off versus Martin Erat in Ducks zone.
7:08 of 2nd period - Snap shot by Drew Stafford.
7:08 of 2nd period - Shot Blocked by Brett Bellemore.
7:10 of 2nd period - Snap shot by Mark Stuart.
7:10 of 2nd period - Shot Blocked by Matthew Carle.
7:49 of 2nd period - Matthew Carle is hit by Chris Mueller and loses puck.
9:37 of 2nd period - Slapshot by Matt Frattin.
9:37 of 2nd period - Stopped by Jimmy Howard without a rebound.
9:38 of 2nd period - Tyler Johnson wins face-off versus Mike Richards in Devils zone.
10:52 of 2nd period - Snap shot by Jonathan Huberdeau.
10:52 of 2nd period - Shot Misses the Net.
10:54 of 2nd period - Snap shot by Matthew Carle.
10:54 of 2nd period - Stopped by Jimmy Howard without a rebound.
10:55 of 2nd period - Jay Beagle wins face-off versus Jonathan Huberdeau in Devils zone.
11:00 of 2nd period - Slapshot by Matt Irwin.
11:00 of 2nd period - Shot Blocked by Michal Rozsival.
12:32 of 2nd period - Martin St. Louis is hit by Adam Burish and loses puck.
13:06 of 2nd period - Wrist shot by Tyler Johnson.
13:06 of 2nd period - Shot Blocked by Michal Rozsival.
13:28 of 2nd period - Wrist shot by Jay Beagle.
13:28 of 2nd period - Stopped by Martin Brodeur with a rebound.
13:30 of 2nd period - Snap shot by Jay Beagle.
13:30 of 2nd period - Stopped by Martin Brodeur with a rebound.
13:32 of 2nd period - Slapshot by Matt Irwin.
13:32 of 2nd period - Stopped by Martin Brodeur with a rebound.
13:34 of 2nd period - Slapshot by Matt Irwin.
13:34 of 2nd period - Stopped by Martin Brodeur with a rebound.
14:02 of 2nd period - Wrist shot by Kris Versteeg.
14:02 of 2nd period - Shot Misses the Net.
14:04 of 2nd period - Slapshot by Brent Seabrook.
14:04 of 2nd period - Stopped by Martin Brodeur with a rebound.
14:46 of 2nd period - Snap shot by Martin Erat.
14:46 of 2nd period - Stopped by Martin Brodeur with a rebound.
15:11 of 2nd period - Off-side.
15:12 of 2nd period - Tyler Johnson wins face-off versus Tyler Bozak in neutral zone.
16:28 of 2nd period - Snap shot by Sean Bergenheim.
16:28 of 2nd period - Shot Misses the Net.
16:47 of 2nd period - Tim Gleason is hit by Matt Frattin and loses puck.
17:12 of 2nd period - Snap shot by Kris Versteeg.
17:12 of 2nd period - Shot Blocked by Brett Bellemore.
17:40 of 2nd period - Cory Sarich is hit by Martin Erat and loses puck.
17:56 of 2nd period - Minor Penalty to Alex Grant for Hooking.
17:57 of 2nd period - Martin St. Louis wins face-off versus Ville Leino in Ducks zone.
18:28 of 2nd period - Snap shot by Mike Richards.
18:28 of 2nd period - Shot Blocked by Mark Stuart.
19:00 of 2nd period - Slapshot by Tim Gleason.
19:00 of 2nd period - Stopped by Martin Brodeur with a rebound.
19:02 of 2nd period - Slapshot by Tyler Johnson.
19:02 of 2nd period - Shot Misses the Net.
19:04 of 2nd period - Slapshot by Tim Gleason.
19:04 of 2nd period - Stopped by Martin Brodeur with a rebound.
19:06 of 2nd period - Slapshot by Grant Clitsome.
19:06 of 2nd period - Shot Blocked by Cory Sarich.
19:16 of 2nd period - Wrist shot by Alex Tanguay.
19:16 of 2nd period - Shot Misses the Net.
19:34 of 2nd period - Wrist shot by Mike Richards.
19:34 of 2nd period - Stopped by Jimmy Howard with a rebound.
19:40 of 2nd period - Wrist shot by Mike Richards.
19:40 of 2nd period - Stopped by Jimmy Howard without a rebound.
19:41 of 2nd period - Tyler Johnson wins face-off versus Martin St. Louis in Devils zone.
19:56 of 2nd period - Penalty to Alex Grant is over, Alex Grant is back on ice.
19:58 of 2nd period - Snap shot by Tyler Johnson.
19:58 of 2nd period - Shot Blocked by Mike Richards.
Goals for this period are 0 for Devils vs 0 for Ducks.
Shots for this period are 11 for Devils vs 5 for Ducks.

3rd period


0:01 of 3rd period - James Neal wins face-off versus Tyler Johnson in neutral zone.
0:47 of 3rd period - Off-side.
0:48 of 3rd period - Tyler Bozak wins face-off versus Martin Erat in neutral zone.
0:50 of 3rd period - Off-side.
0:51 of 3rd period - Tyler Bozak wins face-off versus Martin Erat in neutral zone.
1:09 of 3rd period - Grant Clitsome is hit by Sean Bergenheim and loses puck.
1:18 of 3rd period - Wrist shot by Tyler Bozak.
1:18 of 3rd period - Shot Blocked by Adam Burish.
1:20 of 3rd period - Slapshot by Matthew Carle.
1:20 of 3rd period - Shot Blocked by Matt Irwin.
1:22 of 3rd period - Snap shot by Brett Bellemore.
1:22 of 3rd period - Shot Misses the Net.
1:24 of 3rd period - Slapshot by Brett Bellemore.
1:24 of 3rd period - Shot Blocked by Adam Burish.
1:26 of 3rd period - Slapshot by Matthew Carle.
1:26 of 3rd period - Deflect By Matt Irwin.
1:26 of 3rd period - Stopped by Jimmy Howard with a rebound.
1:34 of 3rd period - Minor Penalty to Grant Clitsome for Hooking.
1:35 of 3rd period - Mike Richards wins face-off versus Drew Stafford in Devils zone.
1:52 of 3rd period - Wrist shot by Martin St. Louis.
1:52 of 3rd period - Stopped by Jimmy Howard with a rebound.
1:54 of 3rd period - Slapshot by Brett Bellemore.
1:54 of 3rd period - Shot Misses the Net.
1:56 of 3rd period - Backhand shot by Matthew Carle.
1:56 of 3rd period - Stopped by Jimmy Howard with a rebound.
1:58 of 3rd period - Slapshot by Matthew Carle.
1:58 of 3rd period - Stopped by Jimmy Howard with a rebound.
2:00 of 3rd period - Backhand shot by Matthew Carle.
2:00 of 3rd period - Goal by Matthew Carle - Devils : 2 - Ducks : 3.
2:01 of 3rd period - Jamie McGinn wins face-off versus Tyler Bozak in neutral zone.
2:17 of 3rd period - Wrist shot by Tyler Bozak.
2:17 of 3rd period - Stopped by Jimmy Howard without a rebound.
2:18 of 3rd period - Tyler Johnson wins face-off versus Tyler Bozak in Devils zone.
2:55 of 3rd period - Penalty Shot by John Carlson for Devils.
2:55 of 3rd period - Backhand shot by John Carlson.
2:55 of 3rd period - Stopped by Martin Brodeur.
2:56 of 3rd period - Mike Richards wins face-off versus Chris Mueller in Devils zone.
3:06 of 3rd period - Minor Penalty to Mark Stuart for High sticking.
3:07 of 3rd period - Drew Stafford wins face-off versus Mike Richards in Devils zone.
3:19 of 3rd period - Snap shot by James Neal.
3:19 of 3rd period - Stopped by Jimmy Howard without a rebound.
3:20 of 3rd period - Drew Stafford wins face-off versus Martin St. Louis in Devils zone.
3:49 of 3rd period - Snap shot by Mike Richards.
3:49 of 3rd period - Shot Misses the Net.
3:51 of 3rd period - Slapshot by Brett Bellemore.
3:51 of 3rd period - Deflect By James Neal.
3:51 of 3rd period - Stopped by Jimmy Howard with a rebound.
3:53 of 3rd period - Slapshot by Matthew Carle.
3:53 of 3rd period - Deflect By Brent Seabrook.
3:53 of 3rd period - Stopped by Jimmy Howard without a rebound.
3:54 of 3rd period - Tyler Bozak wins face-off versus Drew Stafford in Devils zone.
4:25 of 3rd period - Tim Gleason is hit by Patrick Kane and loses puck.
4:44 of 3rd period - Snap shot by James Neal.
4:44 of 3rd period - Shot Hit the Post.
4:46 of 3rd period - Snap shot by Martin St. Louis.
4:46 of 3rd period - Shot Misses the Net.
4:48 of 3rd period - Slapshot by Anton Stralman.
4:48 of 3rd period - Shot Misses the Net.
4:50 of 3rd period - Slapshot by Anton Stralman.
4:50 of 3rd period - Deflect By Drew Stafford.
4:50 of 3rd period - Stopped by Jimmy Howard with a rebound.
5:06 of 3rd period - Penalty to Mark Stuart is over, Mark Stuart is back on ice.
5:14 of 3rd period - Grant Clitsome is hit by Tyler Bozak and loses puck.
5:23 of 3rd period - Wrist shot by Kris Versteeg.
5:23 of 3rd period - Shot Misses the Net.
5:25 of 3rd period - Snap shot by Chris Mueller.
5:25 of 3rd period - Shot Misses the Net.
5:29 of 3rd period - Snap shot by Kris Versteeg.
5:29 of 3rd period - Shot Hit the Post.
5:31 of 3rd period - Backhand shot by Grant Clitsome.
5:31 of 3rd period - Stopped by Martin Brodeur with a rebound.
5:33 of 3rd period - Snap shot by Alex Tanguay.
5:33 of 3rd period - Shot Misses the Net.
5:35 of 3rd period - Wrist shot by Chris Mueller.
5:35 of 3rd period - Stopped by Martin Brodeur with a rebound.
5:43 of 3rd period - Snap shot by Kris Versteeg.
5:43 of 3rd period - Shot Blocked by Anton Stralman.
5:57 of 3rd period - Snap shot by Jay Beagle.
5:57 of 3rd period - Shot Misses the Net.
5:59 of 3rd period - Slapshot by Brent Seabrook.
5:59 of 3rd period - Deflect By Sean Bergenheim.
5:59 of 3rd period - Goal by Brent Seabrook - Devils : 3 - Ducks : 3.
6:00 of 3rd period - Mike Richards wins face-off versus Jason Akeson in neutral zone.
6:39 of 3rd period - Mike Richards is hit by John Carlson.
6:46 of 3rd period - Icing by Brett Bellemore.
6:47 of 3rd period - Chris Mueller wins face-off versus Jonathan Huberdeau in Ducks zone.
6:58 of 3rd period - Slapshot by Matt Irwin.
6:58 of 3rd period - Stopped by Martin Brodeur without a rebound.
6:59 of 3rd period - Chris Mueller wins face-off versus TJ Galiardi in Ducks zone.
7:36 of 3rd period - Chris Mueller is hit by Brett Bellemore and loses puck.
7:57 of 3rd period - Snap shot by Martin St. Louis.
7:57 of 3rd period - Deflect By James Neal.
7:57 of 3rd period - Shot Hit the Post.
7:57 of 3rd period - Puck is out of play.
7:58 of 3rd period - Mike Richards wins face-off versus Martin Erat in Devils zone.
8:18 of 3rd period - Cory Sarich is hit by Martin Erat.
9:38 of 3rd period - Brent Seabrook is hit by Sean Bergenheim and loses puck.
9:45 of 3rd period - Matthew Carle is hit by John Carlson and loses puck.
10:17 of 3rd period - Off-side.
10:18 of 3rd period - Jonathan Huberdeau wins face-off versus Martin Erat in neutral zone.
11:09 of 3rd period - Snap shot by Martin St. Louis.
11:09 of 3rd period - Deflect By Mark Stuart.
11:09 of 3rd period - Shot Blocked by Mark Stuart.
11:09 of 3rd period - Puck is out of play.
11:10 of 3rd period - Tyler Johnson wins face-off versus Tom Pyatt in Devils zone.
11:19 of 3rd period - Slapshot by Tyler Johnson.
11:19 of 3rd period - Stopped by Martin Brodeur with a rebound.
11:21 of 3rd period - Wrist shot by John Carlson.
11:21 of 3rd period - Stopped by Martin Brodeur with a rebound.
11:23 of 3rd period - Snap shot by Tyler Johnson.
11:23 of 3rd period - Stopped by Martin Brodeur without a rebound.
11:24 of 3rd period - Tyler Johnson wins face-off versus Mike Richards in Ducks zone.
11:27 of 3rd period - Snap shot by Drew Stafford.
11:27 of 3rd period - Stopped by Martin Brodeur with a rebound.
11:29 of 3rd period - Wrist shot by Drew Stafford.
11:29 of 3rd period - Shot Misses the Net.
11:31 of 3rd period - Slapshot by John Carlson.
11:31 of 3rd period - Shot Misses the Net.
14:00 of 3rd period - Snap shot by Ville Leino.
14:00 of 3rd period - Stopped by Martin Brodeur with a rebound.
14:10 of 3rd period - Tyler Johnson is hit by Patrick Kane and loses puck.
14:26 of 3rd period - Wrist shot by Drew Stafford.
14:26 of 3rd period - Stopped by Martin Brodeur with a rebound.
14:34 of 3rd period - Slapshot by Drew Stafford.
14:34 of 3rd period - Stopped by Martin Brodeur with a rebound.
14:36 of 3rd period - Slapshot by Matt Irwin.
14:36 of 3rd period - Stopped by Martin Brodeur without a rebound.
14:37 of 3rd period - Chris Mueller wins face-off versus Mike Richards in Ducks zone.
15:09 of 3rd period - Minor Penalty to Michal Rozsival for Holding.
15:10 of 3rd period - Jamie McGinn wins face-off versus Martin St. Louis in Ducks zone.
15:10 of 3rd period - Snap shot by Ville Leino.
15:10 of 3rd period - Shot Blocked by Matthew Carle.
15:12 of 3rd period - Wrist shot by Jamie McGinn.
15:12 of 3rd period - Goal by Jamie McGinn - Devils : 4 - Ducks : 3.
15:13 of 3rd period - Tyler Johnson wins face-off versus Mike Richards in neutral zone.
15:30 of 3rd period - Wrist shot by Jamie McGinn.
15:30 of 3rd period - Shot Misses the Net.
15:32 of 3rd period - Slapshot by Mark Stuart.
15:32 of 3rd period - Stopped by Martin Brodeur without a rebound.
15:33 of 3rd period - Mike Richards wins face-off versus Tyler Johnson in Ducks zone.
17:06 of 3rd period - Snap shot by Patrick Kane.
17:06 of 3rd period - Stopped by Jimmy Howard with a rebound.
17:22 of 3rd period - Snap shot by Patrick Kane.
17:22 of 3rd period - Shot Misses the Net.
17:24 of 3rd period - Slapshot by Tyler Bozak.
17:24 of 3rd period - Goal by Tyler Bozak - Devils : 4 - Ducks : 4.
17:25 of 3rd period - Tyler Johnson wins face-off versus Jonathan Huberdeau in neutral zone.
18:18 of 3rd period - Brent Seabrook is hit by Sean Bergenheim and loses puck.
18:36 of 3rd period - Off-side.
18:37 of 3rd period - Tom Pyatt wins face-off versus Chris Mueller in neutral zone.
19:28 of 3rd period - Anton Stralman is hit by Adam Burish and loses puck.
Goals for this period are 2 for Devils vs 2 for Ducks.
Shots for this period are 14 for Devils vs 12 for Ducks.

Overtime #1


0:01 of 1st overtime period - Drew Stafford wins face-off versus Martin St. Louis in neutral zone.
0:14 of 1st overtime period - Snap shot by Martin St. Louis.
0:14 of 1st overtime period - Goal by Martin St. Louis - Devils : 4 - Ducks : 5.
Goals for this period are 0 for Devils vs 1 for Ducks.
Shots for this period are 0 for Devils vs 1 for Ducks.


Output by the SimonT Hockey Simulator (STHS) for Eric Dolegowski -- Original Page W3C XHTML 1.0 Valid
Hockey Simulator - Hockey Simulation - Hockey Manager